cohdb
Replays
Latest Replays
All Replays
Popular Replays
Top Player Replays
Match Explorer
How It Works
Community
CoH3 Stats
Reddit
Sign in to upload your games and track your stats! →
Sign in with Steam
Match 31343222
Unlisted
Match 31343222
Overview
Messages
Build Orders
End
Kettenkrad Recon Vehicle
Construct Infanterie Kompanie
Selects Breakthrough Battlegroup
MG 42 Machine Gun Team
Grenadier Squad
Selects Assault Grenadiers
GrW 34 Mortar Team
Selects Smoke Bombing Run
Construct Panzergrenadier Kompanie
Grenadier Squad
MG 42 Bunker
Selects Incendiary Bombing Run
Pioneer Squad
Construct Panzer Kompanie
Incendiary Bombing Run
Incendiary Bombing Run
Smoke Bombing Run
Panzer IV Medium Tank
Selects Rapid Production
Incendiary Bombing Run
Selects Blitzkrieg
Pioneer Squad
Pioneer Squad
Panzergrenadier Squad
Panzergrenadier Squad
Panzer IV Medium Tank
Incendiary Bombing Run
Incendiary Bombing Run
Panzer IV Medium Tank
Side Skirts
Incendiary Bombing Run
Panzer IV Medium Tank
Pioneer Squad
Selects Tiger Heavy Tank
MG 42 Machine Gun Team
Panzergrenadier Squad
ic06leon
3P3W 220V AC 50Hz
Yuanshii
PraY
gUi
Leven
0
0
Comments
sign in to comment!
No comments posted yet!